 Dungeon Crawl Stone Soup version 0.21-a0-578-gc6e9d75 (webtiles) character file.

28 tidbits the Sneak (level 3, 15/15 HPs)
             Began as a Felid Transmuter on Dec 18, 2017.
             Was an Initiate of Cheibriados.
             Quit the game on level 5 of the Dungeon.
             The game lasted 00:09:05 (1134 turns).

tidbits the Sneak (Felid Transmuter)                Turns: 1134, Time: 00:09:06

Health: 15/15      AC:  1    Str:  7    XL:     3   Next: 0%
Magic:  7/7        EV: 18    Int: 16    God:    Cheibriados [......]
Gold:   64         SH:  0    Dex: 17    Spells: 0/6 levels left
                                        Lives:  0   Deaths: 1

rFire    . . .     SeeInvis +     - Unarmed
rCold    . . .     Gourm    .   (shield unavailable)
rNeg     . . .     Faith    .   (armour unavailable)
rPois    .         Spirit   .   (helmet unavailable)
rElec    .         Reflect  .   (cloak unavailable)
rCorr    .         Harm     .   (gloves unavailable)
MR       .....                  (boots unavailable)
Stlth    ++++......             (no amulet)
HPRegen  0.05/turn              (no ring)
MPRegen  0.10/turn              (no ring)

@: slow
A: very small, no armour, no weapons or thrown items, stealth, claws 1, fangs 3,
see invisible, carnivore, speed 1, shaggy fur 1, slow metabolism 1, sharp paws
a: Bend Time, Renounce Religion


You were on level 5 of the Dungeon.
You worshipped Cheibriados.
Cheibriados was noncommittal.
You were not hungry.

You visited 2 branches of the dungeon, and saw 6 of its levels.

You collected 64 gold pieces.

Inventory:

Missiles
 a - 47 arrows
Scrolls
 d - 2 scrolls of magic mapping {unknown}
 e - a scroll of immolation
 f - a scroll of identify
 g - a scroll of teleportation {unknown}
Books
 b - a book of Changes

   Spells                             Type                      Level
   a - Beastly Appendage              Transmutation                1
   b - Sticks to Snakes               Transmutation                2
   c - Spider Form                    Transmutation/Poison         3
   d - Ice Form                       Ice/Transmutation            4
   e - Blade Hands                    Transmutation                5
Comestibles
 c - 3 rations


   Skills:
 - Level 1.0 Fighting
 - Level 2.6 Dodging
 + Level 5.4 Stealth
 - Level 3.0 Unarmed Combat
 - Level 2.0 Spellcasting
 - Level 2.1 Transmutations


You couldn't memorise any spells.
You knew the following spells:

 Your Spells              Type           Power        Failure   Level  Hunger
e - Beastly Appendage     Tmut           #.....       9%          1    #......
k - Sticks to Snakes      Tmut           #.......     13%         2    ###....
p - Spider Form           Tmut/Pois      #.........   36%         3    ###....


Dungeon Overview and Level Annotations

Branches:
Dungeon (5/15)             Temple (1/1) D:5

Altars:
Ashenzari
Cheibriados
Elyvilon
Fedhas
Gozag
Kikubaaqudgha
Makhleb
Nemelex Xobeh
Okawaru
Qazlal
Trog
Vehumet
Xom
The Shining One

Annotations:
D:2 Sigmund


Innate Abilities, Weirdness & Mutations

You cannot wear armour.
You are incapable of wielding weapons or throwing items.
Your paws allow you to move quietly. (Stealth)
You have sharp claws.
You have razor-sharp teeth.
You have supernaturally acute eyesight. (SInv)
You are carnivorous and can eat meat at any time.
You cover ground quickly.
You are covered in fur. (AC +1)
You have a slow metabolism.
Your sharp claws are effective at attacking unaware monsters.


Message History

The jackal completely misses you.
You hit the jackal.
The jackal looks as sick as possible!
The jackal is severely wounded.
The jackal bites you but does no damage.
You kill the jackal!
You see here 13 stones.
You see here 13 stones.
You see here a jackal corpse.
You butcher the jackal corpse.
You see here a chunk of flesh.
Eat a chunk of flesh? (ye/n/q)
You eat the chunk of flesh.
This raw flesh tastes great.
Okay, then.
Unknown command.
Your transformation has ended.
You found a teleport trap!
Really walk into that teleport trap?
You enter a teleport trap!
The teleport trap disappears.
Your surroundings suddenly seem different.
An adder zombie comes into view.
The helpless adder zombie fails to defend itself.
You mangle the adder zombie!!
You destroy the adder zombie!
Your Stealth skill increases to level 5!
A hound skeleton comes into view.
Found an opulent altar of Gozag.
The helpless hound skeleton fails to defend itself.
You mangle the hound skeleton!!
You destroy the hound skeleton!
You have reached level 4!
Extra life!
Found 17 arrows.
You see here 17 arrows.
a - 47 arrows (gained 17) Magic restored.
Found 17 gold pieces.
You see here 17 gold pieces.
You now have 64 gold pieces (gained 17).
You open the door.
Really walk into a travel-excluded area?
Okay, then.
Found a staircase to the Ecumenical Temple.
There is a staircase to the Ecumenical Temple here.
You climb downwards.
Welcome to the Ecumenical Temple!
Found an ancient bone altar of Kikubaaqudgha and a blossoming altar of Fedhas.
There is a staircase back to the Dungeon here.
There is a blossoming altar of Fedhas here.
Found a shimmering altar of Xom.
Found a shattered altar of Ashenzari.
Why would you want to do that?
Found a radiant altar of Vehumet.
Found a bloodstained altar of Trog.
Found a burning altar of Makhleb.
Found a white marble altar of Elyvilon.
Found a snail-covered altar of Cheibriados.
Found a stormy altar of Qazlal.
There is a snail-covered altar of Cheibriados here.
You sit before the altar of Cheibriados.
Cheibriados welcomes you!
Cheibriados begins to support your attributes as your movement slows.
You can now bend time to slow others.
Found a sparkling altar of Nemelex Xobeh.
Found an iron altar of Okawaru.
There is an ancient bone altar of Kikubaaqudgha here.
There is a staircase back to the Dungeon here.
You climb upwards.
Welcome back to the Dungeon!
There is a staircase to the Ecumenical Temple here.
Found a scroll labeled NIEKHIYLOO.
An iguana comes into view.
The iguana hisses angrily.
A centaur zombie comes into view.
You see here a scroll labeled NIEKHIYLOO.
d - 2 scrolls labeled NIEKHIYLOO (gained 1)
Casting: Spider Form
Confirm with . or Enter, or press ? or * to list all spells.
You turn into a venomous arachnid creature.
Casting: Spider Form
Confirm with . or Enter, or press ? or * to list all spells.
You miscast Sticks to Snakes.
You are very lightly contaminated with residual magic.
You feel a strange surge of energy!
You closely miss the iguana. The iguana completely misses you.
You barely miss the iguana. The iguana bites you!
Ouch! That really hurt!
* * * LOW HITPOINT WARNING * * *
You hit the iguana.
The iguana is poisoned.
The iguana is moderately wounded.
The iguana bites you!
Ouch! That really hurt!
You die...
Your shape twists and changes as you die.
You are now level 3!
Your transformation has ended.
You rejoin the land of the living...
Unknown command.
Are you sure you want to abandon this character and quit the game? (Confirm with "yes".)
Okay, then.
You swing at nothing.
Okay, then.
Are you sure you want to abandon this character and quit the game? (Confirm with "yes".)

#.#......#.#<...#
#.......##.####.#
#.#.#.#.##(# #.#
#.#.#......# #.#
# #.###.#### #.#
#.#...# #.#
#.#...# #.# #...#
#.# #...# #@#
#...# #.# #...#
#.# #...# #.#
#...#######.##
#............#
#..###########
#....< #.#...


There were no monsters in sight!

Vanquished Creatures
  A hound skeleton (D:5)
  A gnoll (D:1)
  An adder (D:2)
  An adder zombie (D:5)
  2 dart slugs (D:1)
  2 orcs (D:2)
  A goblin (D:1)
  3 hobgoblins
  4 jackals (D:5)
  3 kobolds
  A bat (D:1)
  A frilled lizard (D:1)
  A rat (D:1)
22 creatures vanquished.

Vanquished Creatures (collateral kills)
  An orc (D:2)
  2 goblins
  A hobgoblin (D:2)
  A kobold (D:2)
5 creatures vanquished.

Grand Total: 27 creatures vanquished

Notes
Turn   | Place    | Note
-------+----------+-------------------------------------------
     0 | D:1      | tidbits the Felid Transmuter began the quest for the Orb.
     0 | D:1      | Reached XP level 1. HP: 9/9 MP: 4/4
    11 | D:1      | Reached skill level 1 in Stealth
    71 | D:1      | Reached skill level 3 in Stealth
    71 | D:1      | Reached XP level 2. HP: 10/12 MP: 4/6
    75 | D:1      | Learned a level 2 spell: Sticks to Snakes
   283 | D:1      | Reached skill level 4 in Stealth
   319 | D:1      | Reached XP level 3. HP: 9/15 MP: 3/7
   324 | D:1      | Learned a level 3 spell: Spider Form
   494 | D:2      | Found an opulent altar of Gozag.
   572 | D:2      | Noticed Sigmund
   735 | D:2      | You fall through a shaft for 2 floors!
   751 | D:4      | Found a glowing golden altar of the Shining One.
   843 | D:5      | Entered Level 5 of the Dungeon
   914 | D:5      | Reached skill level 5 in Stealth
   926 | D:5      | Found an opulent altar of Gozag.
   927 | D:5      | Reached XP level 4. HP: 17/19 MP: 5/8
  1008 | D:5      | Found a staircase to the Ecumenical Temple.
  1017 | Temple   | Entered the Ecumenical Temple
  1056 | Temple   | Became a worshipper of Cheibriados the Contemplative
  1132 | D:5      | Slain by an iguana
  1133 | D:5      | Reached XP level 3. HP: -4/15 MP: 3/7
  1134 | D:5      | Quit the game

Vault maps used:
D:1:      minmay_arrival_radiant_lines, serial_glass, glass_columns_c,
          glass_columns_a, glass_columns_c, glass_columns_a, glass_columns_a
D:2:      hex_tiny, nicolae_gozag_seed_capital, uniq_sigmund
D:3:      amethyst_overflow_temple_binary, minmay_misc_feat_rows,
          minmay_crystal_water, kennysheep_generic_room_3
D:4:      nicolae_tso_carved_into_rock, old_standard_altar, first_ration,
          uniq_grinder, uniq_duvessa
D:5:      kb_forest_paths, marbit_many_paths, lemuel_blue_sif_altar,
          lemuel_temple_firewalk_b, lightli_church_of_beogh
Temple:   nicolae_temple_hex_pool

Skill      XL: |  1  2  3 |
---------------+----------+-----
Stealth        | 3 4 5 |  5.4
Fighting       | |  1.0
Dodging        | |  2.6
Unarmed Combat | |  3.0
Spellcasting   | |  2.0
Transmutations | |  2.1

Action                   |  1- 3 |  4- 6 || total
-------------------------+-------+-------++-------
Melee: Unarmed           |    54 |     3 ||    57
       Bite              |     9 |       ||     9
       Headbutt          |     1 |       ||     1
 Cast: Beastly Appendage |    18 |       ||    18
       Sticks to Snakes  |     8 |       ||     8
       Spider Form       |     2 |     1 ||     3
  Use: Scroll            |     3 |       ||     3
 Stab: Sleeping          |     9 |       ||     9
  Eat: Chunk             |     1 |       ||     1
Armor: Skin              |     5 |       ||     5
Dodge: Dodged            |    38 |     1 ||    39

Table legend:
 A = Spawn XP
 B = Non-spawn XP
 C = Spawn XP percentage of total XP
 D = Spawn monster count
 E = Non-spawn monster count
 F = Spawn count percentage of total count
 G = Total turns spent on level
                    A         B        C        D         E        F      G
               +---------+---------+-------+---------+---------+-------+---------
         Total |       0 |      98 |   0.0 |       0 |      27 |   0.0 |  1134
               +---------+---------+-------+---------+---------+-------+---------
           D:1 |       0 |      33 |   0.0 |       0 |      10 |   0.0 |   305
           D:2 |       0 |      31 |   0.0 |       0 |      11 |   0.0 |   426
           D:5 |       0 |      34 |   0.0 |       0 |       6 |   0.0 |   229
               +---------+---------+-------+---------+---------+-------+---------

Table legend:
 A = Turns spent in this place as a percentage of turns spent in the entire game.
 B = Non-inter-level travel turns spent in this place as a percentage of non-inter-level travel turns spent in the entire game.
 C = Inter-level travel turns spent in this place as a percentage of turns spent in this place.
 D = Turns resting spent in this place as a percentage of non-inter-level travel turns spent in this place.
 E = Turns spent auto-exploring this place as a percentage of non-inter-level travel turns spent in this place.
 F = Non-inter-level travel turns spent in this place divided by the number of levels of this place that you've seen.
                   A       B       C       D       E      F
               +-------+-------+-------+-------+-------+----------------------
         Total | 100.0 | 100.0 |   1.1 |   0.0 |   0.0 | 186.8
       Dungeon |  94.5 |  95.6 |   0.0 |   0.0 |   0.0 | 214.4
        Temple |   5.5 |   4.4 |  21.0 |   0.0 |   0.0 |  49.0
               +-------+-------+-------+-------+-------+----------------------

Table legend:
 A = Kills in this place as a percentage of kills in entire the game.
 B = Kills by you in this place as a percentage of kills by you in the entire game.
 C = Kills by friends in this place as a percentage of kills by friends in the entire game.
 D = Other kills in this place as a percentage of other kills in the entire game.
 E = Experience gained in this place as a percentage of experience gained in the entire game.
 F = Experience gained in this place divided by the number of levels of this place that you have seen.
                   A       B       C       D       E      F
               +-------+-------+-------+-------+-------+----------------------
         Total | 100.0 | 100.0 | 100.0 |   N/A | 100.0 |  16.3
       Dungeon | 100.0 | 100.0 | 100.0 |   N/A | 100.0 |  19.6
               +-------+-------+-------+-------+-------+----------------------

Vault maps used:
D:1:      minmay_arrival_radiant_lines, serial_glass, glass_columns_c,
          glass_columns_a, glass_columns_c, glass_columns_a, glass_columns_a
D:2:      hex_tiny, nicolae_gozag_seed_capital, uniq_sigmund
D:3:      amethyst_overflow_temple_binary, minmay_misc_feat_rows,
          minmay_crystal_water, kennysheep_generic_room_3
D:4:      nicolae_tso_carved_into_rock, old_standard_altar, first_ration,
          uniq_grinder, uniq_duvessa
D:5:      kb_forest_paths, marbit_many_paths, lemuel_blue_sif_altar,
          lemuel_temple_firewalk_b, lightli_church_of_beogh
Temple:   nicolae_temple_hex_pool
